 Dungeon Crawl Stone Soup version 0.29.1-15-g9cfb28693d (webtiles) character file.

Game seed: 14532718227976365768

9582 LustLizard the Grappler (level 11, -2/109 HPs)
             Began as a Troll Fighter on Apr 3, 2023.
             Was a Follower of Wu Jian.
             Slain by an entropy weaver (6 damage)
             ... in a Gauntlet on Apr 4, 2023.
             The game lasted 00:21:08 (10248 turns).

LustLizard the Grappler (Troll Fighter)            Turns: 10248, Time: 00:21:08

Health: -2/109     AC: -2    Str: 26    XL:     11   Next: 24%
Magic:  0/10       EV: 11    Int:  8    God:    Wu Jian [*.....]
Gold:   571        SH: 10    Dex: 15    Spells: 10/10 levels left

rFire   . . .      SeeInvis .     - Unarmed
rCold   . . .      Faith    .   b - +0 kite shield
rNeg    . . .      Spirit   +   K - +0 troll leather armour
rPois   .          Reflect  .   (helmet restricted)
rElec   .          Harm     .   (no cloak)
rCorr   .          Rampage  .   (gloves unavailable)
Will    +....      NoTele   +   (boots unavailable)
Stlth   +.........              d - amulet of guardian spirit
HPRegen 1.88/turn               k - +6 ring of dexterity
MPRegen 0.12/turn               e - ring of willpower

@: corroded, studying Air Magic
A: large, unfitting armour, claws 3, regeneration 1, shaggy fur 1, tough skin 1
a: Renounce Religion


You were in a Gauntlet.
You worshipped Wu Jian.
Wu Jian was aware of your devotion.
You visited 2 branches of the dungeon, and saw 12 of its levels.
You also visited: Gauntlet.

You collected 662 gold pieces.
You spent 91 gold pieces at shops.

Inventory:

Hand Weapons
 B - a +3 scimitar of chaos
Missiles
 i - 17 poisoned darts (quivered)
 o - 6 boomerangs
 D - 5 curare-tipped darts
 G - 3 throwing nets
Armour
 a - a +0 robe
 b - a +0 kite shield (worn)
 K - a +0 troll leather armour (worn)
Jewellery
 d - an amulet of guardian spirit (around neck)
 e - a ring of willpower (right claw)
 k - a +6 ring of dexterity (left claw)
 y - a ring of ice
 A - a ring of protection from fire
 H - a ring of fire
Wands
 u - a wand of roots (27)
 C - a wand of flame (19)
 J - a wand of charming (5)
Scrolls
 h - 2 scrolls of enchant weapon
 n - 4 scrolls of teleportation
 r - 2 scrolls of fear
 s - 6 scrolls of magic mapping
 v - 2 scrolls of immolation {unknown}
 w - 2 scrolls of torment
 E - a scroll of amnesia {unknown}
 F - a scroll of enchant armour
 I - a scroll of butterflies
Potions
 c - 4 potions of might
 f - 3 potions of curing
 g - 2 potions of heal wounds
 j - 3 potions of flight
 l - 3 potions of berserk rage
 m - a potion of haste
 q - 5 potions of brilliance
 t - 2 potions of lignification
 x - a potion of resistance
 z - a potion of cancellation
Miscellaneous
 L - a condenser vane


   Skills:
 + Level 7.4 Fighting
 + Level 5.5 Dodging
 + Level 8.2 Shields
 * Level 12.0 Unarmed Combat


You had 10 spell levels left.
You didn't know any spells.
Your spell library contained the following spells:

 Spells                   Type           Power      Damage    Failure   Level
 Shock                    Conj/Air       0%         1d3       69%         1
 Sting                    Tmut/Pois      0%         1d3       69%         1
 Poisonous Vapours        Pois/Air       0%         N/A       83%         2
 Static Discharge         Conj/Air       0%         3-3/arc   83%         2
 Portal Projectile        Hex/Tloc       0%         N/A       96%         3
 Swiftness                Air            0%         N/A       96%         3
 Tukima's Dance           Hex            0%         N/A       96%         3
 Airstrike                Air            0%         2d(0-16)  100%        4
 Olgreb's Toxic Radiance  Pois           0%         N/A       100%        4
 Passage of Golubria      Tloc           0%         N/A       100%        4
 Blade Hands              Tmut           0%         N/A       100%        5
 Lightning Bolt           Conj/Air       0%         1d11      100%        5
 Silence                  Hex/Air        0%         N/A       100%        5
 Lehudib's Crystal Spear  Conj/Erth      0%         10d2      100%        8
 Maxwell's Capacitive Co  Air            0%         ∞         100%        8


Dungeon Overview and Level Annotations

Branches:
Dungeon (11/15)            Temple (1/1) D:6            Lair (0/5) D:9
    Orc (0/2) D:11        Gauntlet (1/1)

Altars:
Ashenzari
Cheibriados
Dithmenos
Elyvilon
Fedhas
Gozag
Hepliaklqana
Kikubaaqudgha
Makhleb
Nemelex Xobeh
Okawaru
Qazlal
Ru
Sif Muna
Uskayaw
Vehumet
Wu Jian
Xom
Yredelemnul
Zin
The Shining One
Lugonu

Shops:
D:2 :   D:4 ?   D:6 =

Annotations:
D:3 2 transporters
D:9 3 runed translucent doors, exclusion: ice statue, LustLizard's ghost, novice TrFi Gauntlet 7 transporters


Innate Abilities, Weirdness & Mutations

You are too large for most types of armour.
You have claws for hands.
Your natural rate of healing is unusually fast.
You are covered in fur. (AC +1)
You have tough skin. (AC +1)


Message History

The entropy weaver hits you but does no damage.
The entropy weaver closely misses you. x2; The entropy weaver hits you.
You miss the entropy weaver.
The entropy weaver points at you and mumbles some strange words.
The entropic weave corrodes you!
You scratch the entropy weaver.
The entropy weaver is lightly wounded.
You block the entropy weaver's attack. x3; The entropy weaver hits you!
You mangle the entropy weaver!!
The entropy weaver is moderately wounded.
You block the entropy weaver's attack. The entropy weaver hits you!
You block the entropy weaver's attack.
The entropy weaver hits you but does no damage.
You mangle the entropy weaver!!
The entropy weaver is heavily wounded.
The entropy weaver hits you! The entropy weaver closely misses you.
The entropy weaver hits you! x2
You claw the entropy weaver!
The entropy weaver is severely wounded.
The entropy weaver hits you!
* * * LOW HITPOINT WARNING * * *
The entropy weaver hits you!
* * * LOW HITPOINT WARNING * * *
The entropy weaver hits you!
* * * LOW HITPOINT WARNING * * *
You block the entropy weaver's attack.
You scratch the entropy weaver but do no damage.
The entropy weaver is severely wounded.
The entropy weaver casts a spell at you.
The entropic weave corrodes you!
Okay, then.
As you read the scroll of fear, it crumbles to dust.
You assume a fearsome visage.
The entropy weaver resists with some effort.
The entropy weaver hits you.
* * * LOW HITPOINT WARNING * * *
The entropy weaver hits you.
* * * LOW HITPOINT WARNING * * *
The entropy weaver barely misses you. The entropy weaver hits you.
You die...

## ### ######### ### #
##≈###≈###.......###≈###≈
#≈≈≈#≈≈≈#..∩.8.∩..#≈≈≈#≈≈
#≈.....................≈
##.#########.#########.#
##≈.#..#©#![#.#..=©D#.#.≈
#≈≈.#..#.#}.#.#.##=?#.#.≈
##≈.#..B''###.##..##..#.≈
##.#..#@...####..©..##.#
##≈.#..#.##.#.#w.##..##.≈
#≈≈.#..#†##.#.#.#..##.#.≈
##≈.#..#©...#.#.#D....#.≈
##.#########.#########.#
##≈....#©.........©#....≈
#≈≈..8.#.8.8.8.8.8.#.8..≈
##≈....#©.........©#....≈
##.###################.#


You could see an entropy weaver and a torpor snail.

Vanquished Creatures
  Snorg (D:10)
  Erolcha (D:9)
  2 two-headed ogres
  A gargoyle (D:9)
  A troll (D:11)
  Prince Ribbit (D:5)
  A hornet (D:8)
  5 flying skulls (Gauntlet)
  Sigmund (D:2)
  3 shadows
  A jumping spider (Gauntlet)
  A wraith (D:10)
  2 wyverns
  5 yaks
  2 vampire mosquitoes (D:11)
  A steam dragon (D:9)
  Menkaure (D:4)
  2 orc warriors (D:8)
  The ghost of nivek616 the Trooper, an amateur NaFi of Elyvilon (D:3)
  An ice beast (D:7)
  An ogre (D:4)
  2 centaurs
  Blork the orc (D:6)
  6 bullfrogs
  3 gnoll sergeants
  A scorpion (D:6)
  2 jellies
  12 killer bees (D:10)
  4 howler monkeys
  3 hounds
  5 orc priests
  2 iguanas (D:4)
  Natasha (thrice) (D:2)
  5 orc wizards
  Robin (D:2)
  9 adders
  14 gnolls
  A shadow imp (D:6)
  3 white imps
  2 worms (D:3)
  2 dart slugs
  39 orcs
  4 bats
  4 endoplasms
  3 giant cockroaches
  16 goblins
  11 hobgoblins
  6 jackals
  3 quokkas
  4 ball pythons
  4 frilled lizards
  8 kobolds
  8 rats
226 creatures vanquished.

Vanquished Creatures (others)
  A plant (D:2)
1 creature vanquished.

Grand Total: 227 creatures vanquished

Notes
Turn   | Place    | Note
-------+----------+-------------------------------------------
     0 | D:1      | LustLizard the Troll Fighter began the quest for the Orb.
     0 | D:1      | Reached XP level 1. HP: 22/22 MP: 0/0
   121 | D:1      | Reached XP level 2. HP: 29/29 MP: 1/1
   149 | D:1      | Found a faded altar of an unknown god.
   869 | D:2      | Found Urokear's Book Shop.
   991 | D:2      | Noticed Sigmund
  1037 | D:2      | Reached skill level 3 in Unarmed Combat
  1037 | D:2      | Reached XP level 3. HP: 36/36 MP: 2/2
  1117 | D:2      | Noticed Natasha
  1122 | D:2      | Killed Natasha
  1154 | D:2      | Reached XP level 4. HP: 34/44 MP: 3/3
  1161 | D:2      | Noticed Natasha
  1167 | D:2      | Killed Natasha
  1285 | D:2      | Noticed Natasha
  1291 | D:2      | Killed Natasha
  1400 | D:2      | Found a blossoming altar of Fedhas.
  1766 | D:3      | Reached skill level 4 in Unarmed Combat
  1766 | D:3      | Reached XP level 5. HP: 53/53 MP: 4/4
  1946 | D:3      | Found a transporter.
  2192 | D:3      | Noticed Robin
  2192 | D:3      | Found a runed translucent door.
  2200 | D:2      | Killed Robin
  2374 | D:3      | Noticed nivek616's ghost (amateur NaFi)
  2483 | D:3      | Reached XP level 6. HP: 61/61 MP: 5/5
  2520 | D:3      | Found a transporter.
  2796 | D:3      | Killed nivek616's ghost
  2797 | D:3      | Reached skill level 5 in Unarmed Combat
  2928 | D:2      | Killed Sigmund
  2929 | D:2      | Reached XP level 7. HP: 68/68 MP: 6/6
  3103 | D:4      | Found Sorism's Magic Scroll Emporium.
  3108 | D:4      | Reached skill level 6 in Unarmed Combat
  3241 | D:4      | Bought a scroll of fear for 52 gold pieces
  3241 | D:4      | Bought a scroll of teleportation for 39 gold pieces
  3332 | D:4      | Noticed Menkaure
  3340 | D:4      | Killed Menkaure
  3719 | D:4      | Found a basalt altar of Yredelemnul.
  3723 | D:4      | Found a blossoming altar of Fedhas.
  3731 | D:4      | Found a glowing golden altar of the Shining One.
  3908 | D:5      | Entered Level 5 of the Dungeon
  3921 | D:5      | Noticed Prince Ribbit
  3935 | D:5      | Killed Prince Ribbit
  3936 | D:5      | Reached skill level 5 in Shields
  3936 | D:5      | Reached skill level 7 in Unarmed Combat
  3936 | D:5      | Reached XP level 8. HP: 61/79 MP: 7/7
  4358 | D:5      | You fall into a shaft and drop 1 floor!
  4425 | D:6      | Found a staircase to the Ecumenical Temple.
  4426 | D:6      | Found Ceostraq's Jewellery Emporium.
  4432 | Temple   | Entered the Ecumenical Temple
  4574 | D:6      | Reached skill level 5 in Fighting
  4605 | D:6      | Found a glowing silver altar of Zin.
  4605 | D:6      | Noticed an angel
  4619 | D:6      | Noticed Blork the orc
  4625 | D:6      | Killed Blork the orc
  4775 | D:6      | Reached skill level 8 in Unarmed Combat
  5400 | D:7      | Reached XP level 9. HP: 80/88 MP: 8/8
  6466 | D:8      | Paralysed by a hornet for 3 turns
  6471 | D:8      | Reached skill level 9 in Unarmed Combat
  6614 | D:8      | Found a burning altar of Makhleb.
  6803 | D:8      | Found a shimmering altar of Xom.
  6830 | D:8      | Found a sacrificial altar of Ru.
  6830 | D:8      | Found a hazy altar of Hepliaklqana.
  6833 | D:8      | Found an ornate altar of the Wu Jian Council.
  6835 | D:8      | Found a stormy altar of Qazlal.
  6835 | D:8      | Found an opulent altar of Gozag.
  6835 | D:8      | Found an ancient bone altar of Kikubaaqudgha.
  6836 | D:8      | Found a radiant altar of Vehumet.
  6841 | D:8      | Became a worshipper of the Wu Jian Council
  7038 | D:9      | Noticed a two-headed ogre
  7051 | D:9      | Killed a two-headed ogre
  7141 | D:9      | Noticed Erolcha
  7187 | D:9      | Killed Erolcha
  7188 | D:9      | Reached skill level 10 in Unarmed Combat
  7188 | D:9      | Reached XP level 10. HP: 100/100 MP: 9/9
  7221 | D:9      | Found a runed translucent gate.
  7221 | D:9      | Found a runed translucent gate.
  7222 | D:9      | Found a runed translucent gate.
  7241 | D:9      | Noticed LustLizard's ghost (novice TrFi)
  7503 | D:9      | Found a staircase to the Lair.
  7504 | D:9      | Noticed a gargoyle
  7515 | D:9      | Noticed an ice statue
  7533 | D:9      | Killed a gargoyle
  8735 | D:10     | Entered Level 10 of the Dungeon
  8894 | D:10     | Found a hide-covered altar of Uskayaw.
  9152 | D:10     | Noticed Snorg
  9165 | D:10     | Killed Snorg
  9166 | D:10     | Reached skill level 11 in Unarmed Combat
  9168 | D:10     | Noticed a two-headed ogre
  9351 | D:10     | Killed a two-headed ogre
  9352 | D:10     | Reached skill level 5 in Dodging
  9742 | D:10     | Reached * piety under Wu Jian
  9812 | D:10     | Reached XP level 11. HP: 108/109 MP: 8/10
  9999 | D:11     | Found a gate leading to a gauntlet.
 10008 | Gauntlet | Entered a Gauntlet
 10008 | Gauntlet | Found a transporter.
 10008 | Gauntlet | Found a transporter.
 10014 | Gauntlet | Found a transporter.
 10018 | Gauntlet | Found a transporter.
 10018 | Gauntlet | Found a transporter.
 10018 | Gauntlet | Found a transporter.
 10050 | Gauntlet | Found a transporter.
 10054 | Gauntlet | Found a transporter.
 10059 | Gauntlet | Noticed an entropy weaver
 10060 | Gauntlet | Found a runed translucent gate.
 10060 | Gauntlet | Found a runed translucent gate.
 10060 | Gauntlet | Found a runed translucent gate.
 10062 | Gauntlet | Found a transporter.
 10075 | Gauntlet | Noticed a four-headed hydra
 10078 | Gauntlet | Found a transporter.
 10093 | Gauntlet | Found a transporter.
 10096 | Gauntlet | Found a transporter.
 10109 | Gauntlet | Found a runed translucent door.
 10198 | Gauntlet | Reached skill level 12 in Unarmed Combat
 10248 | Gauntlet | HP: 5/109 [entropy weaver (6)]
 10248 | Gauntlet | Slain by an entropy weaver

Illustrated notes

Levels and vault maps discovered:
D:1:      co_arrival_square_in_a_square_in_a_square, layout_loops_corners,
          ebering_ecumenical_altar_mist
D:2:      layout_loops_ring, serial_forest, infiniplex_forest_end_2,
          infiniplex_forest_diagonal, infiniplex_forest_corner_1,
          infiniplex_forest_lined_corner, infiniplex_forest_clump_long,
          infiniplex_forest_straight_3, infiniplex_forest_lined_4_way,
          basic_altar, serial_shops, nicolae_shop_statue_plus, uniq_sigmund,
          uniq_natasha
D:3:      gammafunk_steamed_eel, layout_basic, ebering_ghost_sewer_d,
          chequers_arboretum, ebering_dispersal_statue_hall, uniq_robin
D:4:      layout_basic, grunt_temple_overflow_diamond, serial_shops, shop,
          serial_park_tiny_2, uniq_menkaure
D:5:      layout_loops_ring, kennysheep_mini_moat, uniq_prince_ribbit1
D:6:      layout_loops_cross, zin_angel, minmay_temple_entry_arrows,
          serial_shops, shop, uniq_blork_the_orc
D:7:      layout_basic, bh_walls_and_bars
D:8:      layout_basic, kennysheep_little_box, mainiacjoe_overflow_alcove_1,
          grunt_temple_overflow_open
D:9:      layout_layer_cave, lair_entry_dummy, gammafunk_ghost_spectres,
          minivault_16, uniq_erolcha
D:10:     layout_grid_maze, amcnicky_altar_gilded, uniq_snorg
D:11:     layout_grid_maze, orc_0_dummy, gauntlet_entry_generic,
          portal_ice_cave_entry_ice_simulacra, david_defended_altar_orc
Temple:   corrupted_temple
Gauntlet: minmay_gauntlet_77_indecision [minmay_gauntlet_arena_77_path,
          minmay_gauntlet_arena_77_braids,
          minmay_gauntlet_arena_77_broken_ladder,
          minmay_gauntlet_arena_77_mirror, minmay_gauntlet_arena_77_squiggly,
          minmay_gauntlet_arena_77_run_for_it,
          nicolae_gauntlet_exit_dead_adventurers]

Skill      XL: |  1  2  3  4  5  6  7  8  9 10 11 |
---------------+----------------------------------+-----
Shields        | 3 4 5 6 7 8 |  8.2
Unarmed Combat | 3 4 5 7 8 10 11 12 | 12.0
Fighting       | 3 4 5 6 7 |  7.4
Dodging        | 4 5 |  5.5

Action                   |  1- 3 |  4- 6 |  7- 9 | 10-12 || total
-------------------------+-------+-------+-------+-------++-------
Melee: Unarmed           |    67 |   140 |   256 |   206 ||   669
Throw: Dart              |       |       |    18 |    17 ||    35
Invok: Lunge             |       |       |     1 |    13 ||    14
       Whirlwind         |       |       |       |    30 ||    30
  Use: Scroll            |     1 |     2 |    10 |    12 ||    25
       Potion            |       |     1 |       |     6 ||     7
 Stab: Sleeping          |     1 |       |       |     1 ||     2
Armor: Robe              |    23 |    57 |    29 |    22 ||   131
       Troll leather arm |       |       |       |    15 ||    15
Dodge: Dodged            |    28 |    65 |    71 |    82 ||   246
Block: Kite shield       |    23 |    98 |    99 |   103 ||   323
